 Dungeon Crawl Stone Soup version 0.28.0-43-g3370ac3207 (webtiles) character file.

Game seed: 5360781847403217516

94 CryoSword the Firebug (level 4, -8/35 HPs)
             Began as a Demigod Fire Elementalist on Mar 16, 2022.
             Killed by divine providence
             ... invoked by an orc priest
              (13 damage)
             ... on level 3 of the Dungeon.
             The game lasted 00:08:34 (4622 turns).

CryoSword the Firebug (Demigod Fire Elementalist)   Turns: 4622, Time: 00:08:35

Health: -8/35      AC:  3    Str: 13    XL:     4   Next: 16%
Magic:  2/9        EV: 12    Int: 17    God:
Gold:   46         SH:  0    Dex: 14    Spells: 3/6 levels left

rFire   . . .      SeeInvis .   g - +0 short sword
rCold   . . .      Faith    .   (no shield)
rNeg    . . .      Spirit   .   a - +0 robe
rPois   .          Reflect  .   (no helmet)
rElec   .          Harm     .   (no cloak)
rCorr   .          Rampage  .   e - +0 pair of gloves
Will    .....                   (no boots)
Stlth   ++........              (no amulet)
HPRegen 0.11/turn               (no ring)
MPRegen 0.11/turn               (no ring)

@: no status effects
A: high MP 1, forlorn, divine attributes
a: no special abilities


You were on level 3 of the Dungeon.
You visited 1 branch of the dungeon, and saw 3 of its levels.

You collected 72 gold pieces.
You spent 26 gold pieces at shops.

Inventory:

Hand Weapons
 g - a +0 short sword (weapon)
   (You took it off a kobold on level 2 of the Dungeon)
Armour
 a - a +0 robe (worn)
 e - a +0 pair of gloves (worn)
   (You found it on level 3 of the Dungeon)
Jewellery
 f - a ring of ice
   (You found it on level 2 of the Dungeon)
Wands
 j - a wand of iceblast (10)
   (You found it on level 3 of the Dungeon)
Scrolls
 b - 2 scrolls of identify {@r1}
 d - a scroll of enchant weapon
 h - a scroll of fear {unknown}
 i - a scroll of fog {unknown}
Potions
 c - a potion of curing {@q1}


   Skills:
 + Level 1.2 Fighting
 + Level 2.4 Dodging
 + Level 2.4 Stealth
 + Level 1.8 Spellcasting
 + Level 1.7 Conjurations
 * Level 3.3 Fire Magic


You had 3 spell levels left.
You knew the following spells:

 Your Spells              Type           Power      Damage    Failure   Level
a - Foxfire               Conj/Fire      40%        2x1d6     7%          1
b - Scorch                Fire           26%        2d6       8%          2

Your spell library contained the following spells:

 Spells                   Type           Power      Damage    Failure   Level
 Conjure Flame            Conj/Fire      10%        6-21      21%         3
 Inner Flame              Hex/Fire       7%         N/A       30%         3
 Flame Wave               Conj/Fire      10%        2d5       56%         4
 Fulminant Prism          Conj/Hex       2%         3d6       80%         4
 Iskenderun's Mystic Bla  Conj/Tloc      4%         2d3       80%         4
 Lee's Rapid Deconstruct  Erth           0%         3d5*      99%         5


Dungeon Overview and Level Annotations

Branches:
Dungeon (3/15)

Shops:
D:2 :*(:

Annotations:
D:3 3 runed translucent doors


Innate Abilities, Weirdness & Mutations

You have an increased reservoir of magic. (+10% MP)
You shall have no god before yourself.
Your divine heritage dramatically boosts your attributes as you level up.


Message History

You open the door.
A kobold comes into view.
It is wielding a +0 short sword of distortion.
The kobold shouts!
There is an open door here.
You conjure some foxfire!
Flames lash the kobold.
You kill the kobold!
Things that are here:
a +0 short sword of distortion {!w}; a kobold corpse
There is an open door here.
You now have 46 gold pieces (gained 8).
You open the door.
There is an open door here.
b - 2 scrolls of identify {@r1} (gained 1)
Things that are here:
a +0 dagger of speed; 5 stones
Found a stone staircase leading down.
You open the door.
A giant cockroach comes into view.
Found a shiny gold wand.
A giant cockroach is nearby!
A giant cockroach is nearby!
There is an open door here.
You hit the giant cockroach but do no damage.
The giant cockroach closely misses you.
You closely miss the giant cockroach. The giant cockroach bites you.
The giant cockroach barely misses you.
You hit the giant cockroach but do no damage.
The giant cockroach closely misses you.
You closely miss the giant cockroach. The giant cockroach bites you.
You barely miss the giant cockroach. The giant cockroach misses you.
You barely miss the giant cockroach.
The giant cockroach bites you but does no damage.
The giant cockroach closely misses you.
You hit the giant cockroach. The giant cockroach bites you.
You conjure some foxfire!
The giant cockroach closely misses you.
You barely miss the giant cockroach.
The foxfire hits the giant cockroach but does no damage.
The giant cockroach bites you but does no damage. x2
You barely miss the giant cockroach. The giant cockroach barely misses you.
The foxfire hits the giant cockroach but does no damage.
You conjure some foxfire!
The giant cockroach bites you but does no damage. x2
The foxfire hits the giant cockroach.
You kill the giant cockroach!
There is an open door here.
j - a wand of iceblast (10)
You open the door.
There is an open door here.
There is a stone staircase leading up here.
Found a faded altar of an unknown god.
There is a faded altar of an unknown god here.
A giant cockroach comes into view.
The giant cockroach moves out of view.
A giant cockroach is nearby!
A giant cockroach is nearby!
You closely miss the giant cockroach.
The giant cockroach bites you but does no damage.
You hit the giant cockroach.
The giant cockroach bites you but does no damage.
The giant cockroach bites you.
You hit the giant cockroach but do no damage.
The giant cockroach barely misses you.
You hit the giant cockroach.
The giant cockroach bites you but does no damage.
You conjure some foxfire!
The giant cockroach bites you.
Flames lash the giant cockroach.
You kill the giant cockroach!
Could not explore, unopened door.
Could not explore, unopened door.
You open the door.
There is an open door here.
A kobold comes into view. It is wielding a +0 whip.
A kobold is nearby!
A kobold is nearby!
The kobold shouts!
Flames lash the kobold.
You kill the kobold!
Things that are here:
a +0 whip; 5 stones
Found a stone staircase leading down.
There is a stone staircase leading down here.
A rat comes into view.
Nothing appears to happen.
Flames lash the rat.
You kill the rat!
A hobgoblin comes into view.
A hobgoblin is nearby!
A hobgoblin is nearby!
The hobgoblin shouts!
The hobgoblin hits you.
You barely miss the hobgoblin. The hobgoblin barely misses you.
You hit the hobgoblin.
You kill the hobgoblin!
You see here a hobgoblin corpse.
An orc comes into view. It is wielding a +0 hand axe.
The orc shouts!
You hear a shout! x2
An orc is nearby!
An orc is nearby!
An orc is nearby!
An orc wizard comes into view. It is wielding a +0 dagger.
An orc priest and 2 orcs come into view.
A hobgoblin comes into view.
The orc closely misses you.
You completely miss the orc.
The orc shouts!
The hobgoblin shouts!
You conjure some foxfire!
You conjure some foxfire!
You conjure some foxfire!
The foxfire hits the orc. x3
You kill the orc!
The orc priest invokes the aid of Beogh against you.
Beogh smites you!
The foxfire hits the orc wizard.
The foxfire hits the orc wizard but does no damage.
You conjure some foxfire!
The orc wizard misses you.
The foxfire hits the orc.
Flames lash the orc.
You kill the orc!
The foxfire hits the orc wizard.
The orc wizard gestures wildly while chanting.
The orc wizard flickers and vanishes!
Deactivating autopickup; reactivate with Ctrl-A.
You miscast Scorch.
You are very lightly contaminated with residual magic.
Nothing appears to happen.
The orc priest looks satisfied for a moment.
Something hits you.
You hear a shout!
A hobgoblin comes into view.
The hobgoblin moves out of view.
You miscast Foxfire.
Nothing appears to happen.
The orc priest casts a cantrip, but nothing happens.
You hear some strange, mumbled words.
A magic dart appears from out of thin air!
The magic dart hits you!
* * * LOW HITPOINT WARNING * * *
The orc hits you with a +0 hand axe.
* * * LOW HITPOINT WARNING * * *
You hear some strange, mumbled words.
You are confused.
You feel better. The orc closely misses you.
The orc hits you but does no damage.
The orc priest mumbles some strange prayers to Beogh against you.
Beogh smites you!
* * * LOW HITPOINT WARNING * * *
Your magical contamination has completely faded away.
You see here a hobgoblin corpse.
The orc priest mumbles some strange prayers to Beogh against you.
Beogh smites you!
You die...

..........†...................
.#.#############.....#######.#
#.........# #...........†..
#.........## #....#########.
#.......... +.....# #.
#.........# #.....# ## #
#.........# #.###)##### # #.
#........######.#.......# #
.#.########...o†@...#.......# #
......#####o#######.#.......#####
#....go.o..............##.......
####g#####.#######.######.......
#.# #.# #<# #.......
#####.#####.# ..+ #.......
....g.......# ##.# #.......
...g###..#### .# #.......
....##.....# #.......


You could see an orc priest and an orc.

Vanquished Creatures
  A hound skeleton (D:2)
  3 worms (D:2)
  A dart slug (D:1)
  2 orcs (D:3)
  5 bats
  6 endoplasms
  4 giant cockroaches
  3 goblins
  7 hobgoblins
  4 jackals (D:1)
  2 quokkas
  6 ball pythons
  6 frilled lizards
  8 kobolds
  5 rats
63 creatures vanquished.

Vanquished Creatures (collateral kills)
  7 foxfires
7 creatures vanquished.

Vanquished Creatures (others)
  138 foxfires
  24 plants (D:1)
162 creatures vanquished.

Grand Total: 232 creatures vanquished

Notes
Turn   | Place    | Note
-------+----------+-------------------------------------------
     0 | D:1      | CryoSword the Demigod Fire Elementalist began the quest for
                  | the Orb.
     0 | D:1      | Reached XP level 1. HP: 14/14 MP: 5/5
    68 | D:1      | Reached skill level 1 in Conjurations
   748 | D:1      | Reached XP level 2. HP: 22/22 MP: 5/7
  1222 | D:1      | HP: 1/22 [ball python (1)]
  1744 | D:1      | Learned a level 2 spell: Scorch
  1977 | D:1      | Reached skill level 3 in Fire Magic
  2151 | D:1      | Reached XP level 3. HP: 22/27 MP: 4/8
  2357 | D:2      | Found Tufociocs's Book Shoppe.
  2470 | D:2      | Reached skill level 1 in Fighting
  3298 | D:2      | Found Nazefir's General Store.
  3306 | D:2      | Bought a scroll of identify for 26 gold pieces
  3472 | D:2      | Found Vaogiu's Antique Weapon Shoppe.
  3488 | D:2      | Found Guaggozo's Book Shop.
  3946 | D:3      | Reached XP level 4. HP: 34/35 MP: 2/9
  4581 | D:3      | Found a runed translucent gate.
  4581 | D:3      | Found a runed translucent gate.
  4582 | D:3      | Found a runed translucent gate.
  4622 | D:3      | Killed from afar by an orc priest

Illustrated notes

Levels and vault maps discovered:
D:1:      roderic_crop_circles_arrival_small, layout_basic
D:2:      layout_basic, basic_altar, serial_shops, shop_fountains, shop,
          nicolae_shop_temple_entry_statues_fountains,
          nicolae_shop_hallway_plus, corner_web_ring, st_stairs_3
D:3:      layout_basic, gammafunk_ghost_necromancy, basic_ecumenical_altar,
          minivault_4

Skill      XL: |  1  2  3 |
---------------+----------+-----
Conjurations   | 1 |  1.7
Stealth        | 2 |  2.4
Dodging        | 2 |  2.4
Fire Magic     | 3 |  3.3
Fighting       | 1 |  1.2
Spellcasting   | |  1.8

Action                   |  1- 3 |  4- 6 || total
-------------------------+-------+-------++-------
Melee: Unarmed           |    28 |       ||    28
       Punch             |     2 |       ||     2
       Dagger            |    64 |       ||    64
       Short sword       |     7 |    22 ||    29
 Cast: Foxfire           |    73 |    11 ||    84
       Scorch            |    18 |     6 ||    24
  Use: Potion            |     1 |     1 ||     2
       Scroll            |     2 |       ||     2
 Stab: Sleeping          |     3 |       ||     3
Armor: Robe              |    25 |    10 ||    35
Dodge: Dodged            |   115 |    16 ||   131
